 Dungeon Crawl Stone Soup version 0.21.1-1-g345015f (webtiles) character file.

370 torrenera the Ogre Mage (level 6, -1/55 HPs)
             Began as an Ogre Ice Elementalist on Apr 7, 2018.
             Slain by an orc warrior
             ... wielding a +0 long sword
              (19 damage)
             ... on level 4 of the Dungeon.
             The game lasted 00:12:03 (4507 turns).

torrenera the Ogre Mage (Ogre Ice Elementalist)     Turns: 4507, Time: 00:12:04

Health: -1/55      AC:  3    Str: 13    XL:     6   Next: 70%
Magic:  11/15      EV: 10    Int: 18    God:
Gold:   35         SH:  0    Dex:  9    Spells: 9/17 levels left

rFire    . . .     SeeInvis .   e - +0 short sword
rCold    . . .     Gourm    .   (no shield)
rNeg     . . .     Faith    .   a - +0 robe
rPois    .         Spirit   .   (helmet restricted)
rElec    .         Reflect  .   (no cloak)
rCorr    .         Harm     .   (gloves unavailable)
MR       .....                  (boots unavailable)
Stlth    +.........             (no amulet)
HPRegen  0.18/turn              (no ring)
MPRegen  0.14/turn              (no ring)

@: no status effects
A: large, unfitting armour, tough skin 1
a: no special abilities


You were on level 4 of the Dungeon.
You were not hungry.

You visited 1 branch of the dungeon, and saw 4 of its levels.

You collected 139 gold pieces.
You spent 104 gold pieces at shops.

Inventory:

Hand Weapons
 e - a +0 short sword (weapon)
 l - a +0 hunting sling
Missiles
 i - 101 stones (quivered)
 m - 3 tomahawks
Armour
 a - a +0 robe (worn)
Wands
 n - a wand of clouds (5)
Scrolls
 d - a scroll of noise {unknown}
 r - a scroll of immolation
 s - a scroll of teleportation {unknown}
Potions
 f - a potion of heal wounds
 g - 2 potions of agility
 h - 2 potions of magic
 j - 3 potions of haste
 k - a potion of degeneration {unknown}
 o - a potion of brilliance {unknown}
 q - a potion of mutation {unknown}
 t - 2 potions of curing {unknown}
 u - 2 potions of berserk rage {unknown}
 v - a potion of resistance {unknown}
Books
 b - a book of Frost

   Spells                             Type                      Level
   a - Freeze                         Ice                          1
   b - Throw Frost                    Conjuration/Ice              2
   c - Ozocubu's Armour               Charms/Ice                   3
   d - Throw Icicle                   Conjuration/Ice              4
   e - Summon Ice Beast               Ice/Summoning                4
Comestibles
 c - 6 rations
 p - a chunk of flesh


   Skills:
 - Level 1.2 Fighting
 - Level 1.7 Dodging
 - Level 1.4 Stealth
 + Level 6.1 Spellcasting
 - Level 0.8 Conjurations
 + Level 4.4 Ice Magic


You had 9 spell levels left.
You knew the following spells:

 Your Spells              Type           Power        Failure   Level  Hunger
a - Freeze                Ice            ###.         1%          1    None
b - Ozocubu's Armour      Chrm/Ice       ##......     14%         3    ##.....
c - Throw Icicle          Conj/Ice       ###.....     36%         4    ####...


Dungeon Overview and Level Annotations

Branches:
Dungeon (4/15)
 Temple: D:4-7

Altars:
Wu Jian

Shops:
D:4 *


Innate Abilities, Weirdness & Mutations

You are too large for most types of armour.
You have tough skin. (AC +1)


Message History

You freeze the orc warrior.
The orc warrior is moderately wounded.
The orc warrior hits you with a long sword!!
Casting: Freeze
Confirm with . or Enter, or press ? or * to list all spells.
Aiming: Freeze
Press: ? - help, Shift-Dir - straight line, f/p - orc warrior
Aim: an orc warrior, wielding a long sword and wearing a chain mail (moderately wounded)
You freeze the orc warrior.
The orc warrior is severely wounded.
The orc warrior hits you with a long sword!!
Casting: Freeze
Confirm with . or Enter, or press ? or * to list all spells.
Aiming: Freeze
Press: ? - help, Shift-Dir - straight line, f/p - orc warrior
Aim: an orc warrior, wielding a long sword and wearing a chain mail (severely wounded)
You freeze the orc warrior.
The orc warrior is almost dead.
The orc warrior hits you with a long sword!!
You die...

#<## ##.######## #.#
#........# ######.##
##.######.# #...o...###.##
#.# #..#####....# ##.# #..#
##.#.# ##..# #..# #.#.#
#.#.# ####.o# #o#.# ##.##
##.....# #@#.# #.#
#......## #.#.## #.#
#.ยง.....# ##....# #.#
#.......####.....# #.#
##........##.....#####.#
##....................#
######.......##..#######..#
(..........####..# #..#
.#####.#...####..#######..#


You could see an orc warrior.

Vanquished Creatures
  A scorpion (D:4)
  A crimson imp (D:4)
  An iguana (D:4)
  3 worker ants (D:4)
  8 adders
  An ooze (D:1)
  2 adder skeletons
  6 worms
  4 leopard geckos
  6 orcs
  A ball python (D:1)
  3 giant cockroaches
  10 goblins
  9 hobgoblins
  9 kobolds
  A quokka (D:2)
  9 bats
  7 frilled lizards
  12 rats
94 creatures vanquished.

Notes
Turn   | Place    | Note
-------+----------+-------------------------------------------
     0 | D:1      | torrenera the Ogre Ice Elementalist began the quest for the Orb.
     0 | D:1      | Reached XP level 1. HP: 16/16 MP: 3/3
    43 | D:1      | Reached skill level 1 in Fighting
   257 | D:1      | Reached XP level 2. HP: 23/27 MP: 0/5
   571 | D:1      | Reached skill level 3 in Spellcasting
   637 | D:1      | Reached XP level 3. HP: 27/33 MP: 4/7
  1609 | D:2      | Reached XP level 4. HP: 39/41 MP: 6/9
  1915 | D:2      | Reached skill level 4 in Spellcasting
  2608 | D:3      | Reached XP level 5. HP: 38/48 MP: 4/11
  2658 | D:3      | Learned a level 3 spell: Ozocubu's Armour
  2663 | D:3      | Learned a level 4 spell: Throw Icicle
  3012 | D:3      | Found an ornate altar of the Wu Jian Council.
  3314 | D:4      | Reached skill level 5 in Spellcasting
  3507 | D:4      | Noticed a phantom
  3816 | D:4      | Reached XP level 6. HP: 29/55 MP: 8/14
  4263 | D:4      | Found Dateij's Assorted Antiques.
  4280 | D:4      | Bought a crooked iron wand for 104 gold pieces
  4286 | D:4      | Reached skill level 6 in Spellcasting
  4471 | D:4      | Noticed an orc warrior
  4507 | D:4      | Slain by an orc warrior

Skill      XL: |  1  2  3  4  5  6 |
---------------+-------------------+-----
Fighting       | 1 |  1.2
Ice Magic      | 3 4 |  4.4
Spellcasting   | 3 4 5 6 |  6.1
Dodging        | |  1.7
Stealth        | |  1.4
Conjurations   | |  0.8

Action                   |  1- 3 |  4- 6 || total
-------------------------+-------+-------++-------
Melee: Short sword       |    89 |    70 ||   159
 Cast: Freeze            |    30 |   116 ||   146
       Ozocubu's Armour  |       |     1 ||     1
  Use: Scroll            |       |     5 ||     5
       Potion            |       |     1 ||     1
 Stab: Sleeping          |     3 |       ||     3
  Eat: Chunk             |     2 |     9 ||    11
Armor: Robe              |    44 |    34 ||    78
Dodge: Dodged            |    65 |    72 ||   137
